 Dungeon Crawl Stone Soup version 0.26-a0-27-g1f0226971c (webtiles) character file.

Game seed: 6984470996282129278, levelgen mode: deterministic

103 Dirian the Slasher (level 4, -2/40 HPs)
             Began as a Minotaur Fighter on May 27, 2020.
             Was a Follower of the Shining One.
             Killed by divine providence
             ... invoked by an orc priest
              (11 damage)
             ... on level 3 of the Dungeon.
             The game lasted 00:02:34 (1817 turns).

Dirian the Slasher (Minotaur Fighter)               Turns: 1817, Time: 00:02:34

Health: -2/40      AC: 10    Str: 21    XL:     4   Next: 51%
Magic:  3/3        EV:  7    Int:  5    God:    the Shining One [*.....]
Gold:   119        SH:  9    Dex: 10    Spells: 3/3 levels left

rFire    . . .     SeeInvis .   a - +0 long sword
rCold    . . .     Gourm    .   c - +0 kite shield
rNeg     . . .     Faith    .   b - +0 scale mail
rPois    .         Spirit   .   (helmet restricted)
rElec    .         Reflect  .   i - +1 cloak
rCorr    .         Harm     .   t - +0 pair of gloves
MR       .....                  (no boots)
Stlth    ..........             (no amulet)
HPRegen  0.13/turn              (no ring)
MPRegen  0.08/turn              (no ring)

@: glowing, lightly drained
A: retaliatory headbutt, horns 2
a: Renounce Religion


You were on level 3 of the Dungeon.
You worshipped the Shining One.
The Shining One was aware of your devotion.
You were not hungry.

You visited 1 branch of the dungeon, and saw 3 of its levels.

You collected 119 gold pieces.

Inventory:

Hand Weapons
 a - a +0 long sword (weapon)
Armour
 b - a +0 scale mail (worn)
 c - a +0 kite shield (worn)
 i - a +1 cloak (worn)
 t - a +0 pair of gloves (worn)
Jewellery
 m - an uncursed amulet of the acrobat {unknown}
 r - an uncursed amulet of guardian spirit {unknown}
 u - an uncursed ring of protection from magic {unknown}
Scrolls
 e - 5 scrolls of identify {unknown}
 k - a scroll of remove curse {unknown}
 l - a scroll of fear {unknown}
 n - 3 scrolls of magic mapping {unknown}
 p - a scroll of teleportation {unknown}
 s - a scroll of enchant armour {unknown}
 v - a scroll of random uselessness {unknown}
Potions
 g - a potion of curing {unknown}
 h - a potion of stabbing {unknown}
 j - a potion of berserk rage {unknown}
 q - 2 potions of resistance {unknown}
Comestibles
 f - 5 rations
 o - 4 chunks of flesh


   Skills:
 + Level 4.2(3.8) Fighting
 * Level 4.4(3.9) Long Blades
 + Level 4.2(3.8) Armour
 + Level 4.2(3.8) Shields


You had 3 spell levels left.
You didn't know any spells.
Your spell library contained the following spells:

 Spells                   Type           Power        Failure   Level  Hunger
 Animate Skeleton         Necr           N/A          99%         1    ##.....
 Apportation              Tloc           #.....       99%         1    ##.....
 Corona                   Hex            #......      99%         1    ##.....
 Summon Small Mammal      Summ           #...         99%         1    ##.....


Dungeon Overview and Level Annotations

Branches:
Dungeon (3/15)

Altars:
The Shining One


Innate Abilities, Weirdness & Mutations

You reflexively headbutt those who attack you in melee.
You have a pair of horns on your head.


Message History

You see here a stone.
The kobold throws a stone.
The stone barely misses you. You block the kobold's attack.
You barely miss the kobold. You block the kobold's attack. x2
You barely miss the kobold.
An orc priest comes into view. It is wielding a +0 dagger.
The orc zaps a wand.
You resist with some effort. The kobold hits you but does no damage.
An orc comes into view. It is wielding a +0 dagger.
The orc shouts!
The orc priest shouts!
You slash the kobold!
You kill the kobold!
You hear the slow rusting of a very distant drain.
You feel a little less mighty now. The orc hits you but does no damage.
You hit the orc. You headbutt the orc.
You kill the orc!
The orc priest mumbles some strange prayers to Beogh against you.
Beogh smites you!
You die...

#.# ######.###.##
#.# ##.#.## #.#
##(## #.# ## ###
#.# .. # #.#
o##### #..####.#
.....
#.......##..#####
#..[...(.@)...o..
#.....(.....####.
#.########.## #
.# .# .. ##


You could see an orc priest and an orc.

Vanquished Creatures
  3 gnolls (D:3)
  An adder (D:2)
  A worm (D:2)
  4 dart slugs
  6 orcs (D:3)
  6 bats
  3 giant cockroaches
  5 goblins
  4 hobgoblins
  2 quokkas (D:2)
  A ball python (D:3)
  4 frilled lizards
  9 kobolds
  2 rats (D:2)
51 creatures vanquished.

Notes
Turn   | Place    | Note
-------+----------+-------------------------------------------
     0 | D:1      | Dirian the Minotaur Fighter began the quest for the Orb.
     0 | D:1      | Reached XP level 1. HP: 19/19 MP: 0/0
   177 | D:1      | Reached XP level 2. HP: 27/27 MP: 1/1
   840 | D:2      | Found a faded altar of an unknown god.
   850 | D:2      | Became a worshipper of the Shining One
   850 | D:2      | Reached * piety under the Shining One
   937 | D:2      | Reached XP level 3. HP: 33/33 MP: 2/2
  1739 | D:3      | Reached XP level 4. HP: 21/40 MP: 3/3
  1758 | D:3      | HP: 1/40 [orc/+0 trident (2)]
  1817 | D:3      | Killed from afar by an orc priest

Illustrated notes

Levels and vault maps discovered:
D:1:      sevenhm_arrival_forest_fort_small_6, layout_loops_corners
D:2:      layout_basic, first_ration, chequers_ecumenical_altar_simple_redux
D:3:      layout_loops_ring, gammafunk_temple_overflow_statue,
          portal_sewer_entry_e

Skill      XL: |  1  2  3 |
---------------+----------+-----
Long Blades    | 3 4 |  4.4
Fighting       | 4 |  4.2
Armour         | 4 |  4.2
Shields        | 4 |  4.2

Action                   |  1- 3 |  4- 6 || total
-------------------------+-------+-------++-------
Melee: Long sword        |    78 |    21 ||    99
       Headbutt          |    10 |     5 ||    15
  Use: Potion            |       |     1 ||     1
  Eat: Chunk             |     3 |       ||     3
Armor: Scale mail        |    33 |     9 ||    42
Dodge: Dodged            |    33 |     9 ||    42
Block: Kite shield       |    55 |    17 ||    72
       Rpst.: Long sword |     7 |       ||     7

Table legend:
 A = Non-vault XP
 B = Vault XP
 C = Vault XP percentage of total XP
 D = Non-vault monster count
 E = Vault monster count
 F = Vault count percentage of total count
                 A         B        C        D         E       F
            +---------+---------+-------+---------+---------+-------
      Total |     148 |       0 |   0.0 |      51 |       0 |   0.0
            +---------+---------+-------+---------+---------+-------
        D:1 |      32 |       0 |   0.0 |      17 |       0 |   0.0
        D:2 |      52 |       0 |   0.0 |      21 |       0 |   0.0
        D:3 |      64 |       0 |   0.0 |      13 |       0 |   0.0
            +---------+---------+-------+---------+---------+-------
